 Dungeon Crawl Stone Soup version 0.29-a0-330-g52719c12eb (webtiles) character file.

Game seed: 10255537059344625341

15 thiscave3701365 the Magician (level 2, 0/21 HPs)
             Began as a Djinni Hedge Wizard on Apr 12, 2022.
             Slain by a kobold
             ... wielding a +0 short sword
              (1 damage)
             ... on level 1 of the Dungeon.
             The game lasted 00:00:50 (648 turns).

thiscave3701365 the Magician (Djinni Hedge Wizard)   Turns: 648, Time: 00:00:51

Health: 0/21       AC:  2    Str:  9    XL:     2   Next: 65%
Gold:   78         EV: 12    Int: 15    God:
                   SH:  0    Dex: 12

rFire   + + .      SeeInvis .   a - +0 dagger
rCold   x . .      Faith    .   (no shield)
rNeg    . . .      Spirit   .   b - +0 robe
rPois   ∞          Reflect  .   c - +0 hat
rElec   .          Harm     .   (no cloak)
rCorr   .          Rampage  .   (no gloves)
Will    .....                   (boots unavailable)
Stlth   ++........              (no amulet)
HPRegen 0.07/turn               (no ring)
MPRegen 0.00/turn               (no ring)

@: flying
A: sickness immunity, fire resistance 2, cold vulnerability 1, float, innate
caster, HP casting, extra vitality 1
a: no special abilities


You were on level 1 of the Dungeon.
You visited 1 branch of the dungeon, and saw 1 of its levels.

You collected 78 gold pieces.

Inventory:

Hand Weapons
 a - a +0 dagger (weapon)
Armour
 b - a +0 robe (worn)
 c - a +0 hat (worn)
Scrolls
 d - 2 scrolls of identify {unknown}
 e - a scroll of enchant armour {unknown}
Potions
 f - a potion of curing {unknown}


   Skills:
 + Level 2.3 Dodging
 + Level 1.7 Stealth
 + Level 2.9 Spellcasting


You couldn't memorise any spells.
You knew the following spells:

 Your Spells              Type           Power      Damage    Failure   Level
a - Magic Dart            Conj           40%        1d5       6%          1
b - Blink                 Tloc           20%        N/A       10%         2
c - Call Imp              Summ           10%        N/A       10%         2
d - Slow                  Hex            40%        N/A       6%          1
e - Conjure Flame         Conj/Fire      10%        6-21      19%         3
f - Mephitic Cloud        Conj/Pois/Air  10%        N/A       19%         3
Your spell library was empty.

Dungeon Overview and Level Annotations

Branches:
Dungeon (1/15)

Altars:


Innate Abilities, Weirdness & Mutations

You are immune to sickness and miasma.
You are immune to poison.
Your flesh is very heat resistant. (rF++)
You are vulnerable to cold. (rC-)
You float through the air rather than walking.
You learn spells naturally, not from books.
Your magical power is your life essence.
You have superior vitality. (+4 MHP)


Message History

Aim: a giant cockroach (severely wounded, about 38% to evade your +0 dagger)
You closely miss the giant cockroach.
The giant cockroach is severely wounded.
The giant cockroach bites you but does no damage.
The giant cockroach closely misses you.
Hit: a) +0 dagger
Press: ? - help, Dir - move target, f/p - giant cockroach
Aim: a giant cockroach (severely wounded, about 38% to evade your +0 dagger)
You hit the giant cockroach.
You kill the giant cockroach!
The giant cockroach bites you but does no damage.
Hit: a) +0 dagger
Press: ? - help, Dir - move target, f - giant cockroach
Aim: a giant cockroach (about 38% to evade your +0 dagger)
You hit the giant cockroach but do no damage.
The giant cockroach barely misses you. The giant cockroach misses you.
The kobold hits you with a +0 short sword.
* * * LOW HITPOINT WARNING * * *
Hit: a) +0 dagger
Press: ? - help, Dir - move target, f/p - giant cockroach
Aim: a giant cockroach (about 38% to evade your +0 dagger)
You hit the giant cockroach.
The giant cockroach is severely wounded.
The giant cockroach barely misses you. The kobold misses you.
Hit: a) +0 dagger
Press: ? - help, Dir - move target, f/p - giant cockroach
Aim: a giant cockroach (severely wounded, about 38% to evade your +0 dagger)
You hit the giant cockroach but do no damage.
The giant cockroach is severely wounded.
The giant cockroach completely misses you.
The kobold barely misses you.
Hit: a) +0 dagger
Press: ? - help, Dir - move target, f/p - giant cockroach
Aim: a giant cockroach (severely wounded, about 38% to evade your +0 dagger)
You closely miss the giant cockroach.
The giant cockroach is severely wounded.
The giant cockroach bites you.
* * * LOW HITPOINT WARNING * * *
The kobold hits you with a +0 short sword.
You die...

#..###.......###...............#
.....................#...#.....#
#...........#.#####...........##
............#........#........#
.#.......#..#...##.#.#........#
.#.......#......##.#..#.......#
.#............................#
.>.................##.........#
...............B@.............#
.#..........#..K##.##.........#
.#.......##...#! #............#
.........####.#! ######..##.###
.....##### ... #.###.# .....# ..
#.# #.# ....## .#. #.###.##
#...# .#. #...#..### #...#
###......#


You could see a giant cockroach and a kobold.

Vanquished Creatures
  2 endoplasms (D:1)
  4 giant cockroaches (D:1)
  2 goblins (D:1)
  2 hobgoblins (D:1)
  A ball python (D:1)
  A frilled lizard (D:1)
  A rat (D:1)
13 creatures vanquished.

Notes
Turn   | Place    | Note
-------+----------+-------------------------------------------
     0 | D:1      | thiscave3701365 the Djinni Hedge Wizard began the quest for
                  | the Orb.
     0 | D:1      | Reached XP level 1. HP: 15/15 MP: 0/0
   355 | D:1      | Reached XP level 2. HP: 16/21 MP: 0/0
   645 | D:1      | HP: 1/21 [kobold/+0 short sword (2)]
   648 | D:1      | Slain by a kobold

Illustrated notes

Levels and vault maps discovered:
D:1:      saegor_arrival_simple_a, layout_rooms

Action                   || total
-------------------------++-------
Melee: Dagger            ||    27
 Cast: Magic Dart        ||    28
Armor: Robe              ||     9
Dodge: Dodged            ||    30

Table legend: (Time is in decaauts)
 A = Elapsed time spent in this place.
 B = Non-inter-level travel time spent in this place.
 C = Inter-level travel time spent in this place.
 D = Time resting spent in this place.
 E = Time spent auto-exploring this place.
 F = Levels seen in this place.
 G = Mean time per level.
                   A        B        C        D        E       F      G
               +--------+--------+--------+--------+--------+-----+--------+
         Total |    648 |    648 |      0 |      0 |    569 |   1 |  648.0 |
       Dungeon |    648 |    648 |      0 |      0 |    569 |   1 |  648.0 |
               +--------+--------+--------+--------+--------+-----+--------+

Top non-repeatable levels by time:
     D:1: 648 daAuts
